 Dungeon Crawl Stone Soup version 0.29.1-13-g9f3cf754e1 (webtiles) character file.

Game seed: 18076431538761441371

58 wolfrpgdude the Trooper (level 3, -1/31 (33) HPs)
             Began as a Minotaur Fighter on Feb 4, 2023.
             Was an Initiate of Yredelemnul.
             Slain by Crazy Yiuf
             ... wielding a +3 quarterstaff of chaos
              (4 damage)
             ... on level 2 of the Dungeon.
             The game lasted 00:03:40 (1797 turns).

wolfrpgdude the Trooper (Minotaur Fighter)          Turns: 1797, Time: 00:03:44

HP:   -1/31 (33)    AC: 14    Str: 22    XL:     3   Next: 75%
MP:   2/2           EV:  6    Int:  5    God:    Yredelemnul [......]
Gold: 77            SH:  4    Dex:  9    Spells: 2/2 levels left

rFire   . . .      SeeInvis .   a - +0 long sword
rCold   . . .      Faith    .   c - +0 buckler
rNeg    . . .      Spirit   .   r - +0 plate armour
rPois   .          Reflect  .   (helmet restricted)
rElec   .          Harm     .   f - scarf {repulsion}
rCorr   .          Rampage  .   g - +0 pair of gloves
Will    .....                   m - +0 pair of boots
Stlth   ..........              (no amulet)
HPRegen 0.10/turn               (no ring)
MPRegen 0.08/turn               (no ring)

@: drained, repel missiles
A: horns 2, retaliatory headbutt
a: Renounce Religion, Recall Undead Harvest


You were on level 2 of the Dungeon.
You worshipped Yredelemnul.
Yredelemnul was noncommittal.
You visited 1 branch of the dungeon, and saw 2 of its levels.

You collected 77 gold pieces.

Inventory:

Hand Weapons
 a - a +0 long sword (weapon)
 s - a +0 halberd
Armour
 b - a +0 scale mail
 c - a +0 buckler (worn)
 f - a scarf of repulsion (worn)
 g - a +0 pair of gloves (worn)
 m - a +0 pair of boots (worn)
 r - a +0 plate armour (worn)
Scrolls
 h - a scroll of immolation {unknown}
 i - a scroll of poison {unknown}
 j - a scroll of fear {unknown}
 k - 3 scrolls of identify {unknown}
 l - a scroll of amnesia {unknown}
 o - 2 scrolls of magic mapping {unknown}
 p - a scroll of enchant armour {unknown}
 q - 3 scrolls of vulnerability {unknown}
Potions
 d - a potion of might
 e - a potion of heal wounds {unknown}
 n - a potion of lignification {unknown}


   Skills:
 + Level 4.2 Fighting
 + Level 3.5 Long Blades
 + Level 4.1 Armour
 + Level 0.1 Stealth
 + Level 4.0 Shields


You had 2 spell levels left.
You didn't know any spells.
Your spell library contained the following spells:

 Spells                   Type           Power      Damage    Failure   Level
 Frozen Ramparts          Ice            0%         1d1       100%        3
 Ice Form                 Ice/Tmut       0%         N/A       100%        4
 Leda's Liquefaction      Hex/Erth       0%         N/A       100%        4
 Summon Ice Beast         Ice/Summ       0%         N/A       100%        4
 Lee's Rapid Deconstruct  Erth           0%         3d5*      100%        5
 Statue Form              Tmut/Erth      0%         N/A       100%        6


Dungeon Overview and Level Annotations

Branches:
Dungeon (2/15)

Altars:
Yredelemnul

Annotations:
D:2 Crazy Yiuf


Innate Abilities, Weirdness & Mutations

You have a pair of horns on your head.
You reflexively headbutt those who attack you in melee.


Message History

You swap places.
Found a hand axe.
You open the door.
Found a stone staircase leading down.
You open the door.
Found a rapier.
There is an open door here.
Found a hammer.
Found a runed translucent door.
Crazy Yiuf shouts!
You open the door.
You swap places.
Your bat zombie hits Crazy Yiuf.
Your bat zombie hits Crazy Yiuf but does no damage.
Crazy Yiuf closely misses your bat zombie.
Your bat zombie hits Crazy Yiuf but does no damage.
Your bat zombie barely misses Crazy Yiuf. x2
Crazy Yiuf hits your bat zombie with a +3 quarterstaff of chaos!
Crazy Yiuf burns your bat zombie.
Your bat zombie is destroyed!
Crazy Yiuf completely misses you.
You hit Crazy Yiuf but do no damage.
Crazy Yiuf is lightly wounded.
Crazy Yiuf hits you with a +3 quarterstaff of chaos!
You barely miss Crazy Yiuf.
Crazy Yiuf is lightly wounded.
You block Crazy Yiuf's attack.
You closely miss Crazy Yiuf.
Crazy Yiuf is lightly wounded.
Crazy Yiuf hits you but does no damage.
Crazy Yiuf whimpers, "Cards ladder pizzabubble!"
Crazy Yiuf hits you but does no damage.
You completely miss Crazy Yiuf.
Crazy Yiuf is lightly wounded.
Crazy Yiuf hits you but does no damage.
You are electrocuted!
You hit Crazy Yiuf.
Crazy Yiuf is moderately wounded.
Crazy Yiuf hits you with a +3 quarterstaff of chaos!
* * * LOW HITPOINT WARNING * * *
You feel drained.
You die...
Your body rises from the dead as a mindless zombie.

#....#
##.....#.
#..Z.#
##...##.
♣..Z.♣
##'###.
♣♣...♣
#.# #.
♣♣.♣♣
#>####
♣♣.♣
#.#...
♣Z♣♣
....##
♣♣Z♣ ...
♣@♣♣ ...
#g# # ...
#...#
#)..#
#####
#.####
#.#...


You could see Crazy Yiuf (ally target), a friendly rat zombie and a friendly
endoplasm zombie.

Vanquished Creatures
  An adder (D:2)
  A worm (D:2)
  2 ball pythons (D:1)
  5 endoplasms
  2 giant cockroaches
  4 goblins
  5 hobgoblins
  2 jackals (D:1)
  2 quokkas (D:1)
  2 bats
  2 frilled lizards (D:1)
  5 kobolds (D:1)
  6 rats
39 creatures vanquished.

Vanquished Creatures (collateral kills)
  A kobold (D:1)
  A quokka (D:1)
2 creatures vanquished.

Vanquished Creatures (others)
  A bat zombie (D:2)
1 creature vanquished.

Grand Total: 42 creatures vanquished

Notes
Turn   | Place    | Note
-------+----------+-------------------------------------------
     0 | D:1      | wolfrpgdude the Minotaur Fighter began the quest for the
                  | Orb.
     0 | D:1      | Reached XP level 1. HP: 19/19 MP: 0/0
   217 | D:1      | Reached XP level 2. HP: 23/27 MP: 1/1
   423 | D:1      | Found a faded altar of an unknown god.
   444 | D:1      | Prayed at the altar of an unknown god.
   444 | D:1      | Became a worshipper of Yredelemnul the Dark
   444 | D:1      | Reached * piety under Yredelemnul
   775 | D:1      | Reached XP level 3. HP: 33/33 MP: 2/2
   781 | D:1      | Reached ** piety under Yredelemnul
  1785 | D:2      | Found a runed translucent door.
  1786 | D:2      | Noticed Crazy Yiuf
  1797 | D:2      | Slain by Crazy Yiuf

Illustrated notes

Levels and vault maps discovered:
D:1:      psy_arrival_terrarium, layout_loops_corners,
          ebering_ecumenical_altar_ruins
D:2:      layout_loops_corners, minmay_misc_feat_plants,
          nicolae_kite_square_tiling_tiny, chequers_serial_rivers_large_b,
          minivault_4, uniq_crazy_yiuf_cottage

Skill      XL: |  1  2  3 |
---------------+----------+-----
Fighting       | 4 |  4.2
Long Blades    | 3 |  3.5
Shields        | 4 |  4.0
Armour         | 4 |  4.1
Stealth        | |  0.1

Action                   || total
-------------------------++-------
Melee: Long sword        ||    85
       Headbutt          ||     9
Armor: Scale mail        ||    27
       Plate armour      ||     3
Dodge: Dodged            ||    38
Block: Buckler           ||    17
